 Dungeon Crawl Stone Soup version 0.23.0 (webtiles) character file.

Game seed: 6700513632013670172

109 leoctania the Grave Robber (level 4, -5/31 HPs)
             Began as a Mummy Necromancer on Feb 12, 2019.
             Killed by divine providence
             ... invoked by an orc priest
              (13 damage)
             ... on level 4 of the Dungeon on Feb 13, 2019.
             The game lasted 00:34:30 (2437 turns).

leoctania the Grave Robber (Mummy Necromancer)      Turns: 2437, Time: 00:34:31

Health: -5/31      AC:  6    Str: 11    XL:     4   Next: 59%
Magic:  5/10       EV: 10    Int: 15    God:
Gold:   164        SH:  0    Dex: 12    Spells: 2/11 levels left

rFire    x . .     SeeInvis .   t - +3 dagger (drain)
rCold    + . .     Gourm    .   (no shield)
rNeg     + + +     Faith    .   y - +0 ring mail
rPois    ∞         Spirit   .   (no helmet)
rElec    .         Reflect  .   f - +0 cloak
rCorr    .         Harm     .   (no gloves)
MR       .....                  (no boots)
Stlth    +.........             (no amulet)
HPRegen  0.10/turn              (no ring)
MPRegen  0.12/turn              (no ring)

@: very slightly contaminated
A: no food or potions, fire vulnerability, cold resistance 1, negative energy
resistance 3, torment resistance, unbreathing
a: no special abilities


You were on level 4 of the Dungeon.
You were not hungry.

You visited 1 branch of the dungeon, and saw 4 of its levels.

You collected 164 gold pieces.

Inventory:

Hand Weapons
 t - a +3 dagger of draining (weapon)
 w - a +0 war axe
Missiles
 c - 20 arrows
 l - 45 bolts
 m - 69 stones
 r - 39 sling bullets
 s - 35 poisoned needles
 x - 4 tomahawks (quivered)
Armour
 a - a +0 robe
 d - a +0 robe
 e - a +0 robe
 f - a +0 cloak (worn)
 i - a +0 robe
 j - a +0 shield
 k - a +0 robe
 y - a +0 ring mail (worn)
 z - a +0 leather armour
 A - a +0 helmet
Jewellery
 v - an uncursed amulet of faith
 B - an uncursed ring of protection from magic {unknown}
Scrolls
 n - 2 scrolls of amnesia
Potions
 b - a potion of agility {unknown}
 g - a potion of haste {unknown}
 h - a potion of ambrosia {unknown}
 o - a potion of mutation {unknown}
 q - 4 potions of curing
 u - a potion of heal wounds {unknown}
Comestibles
 p - 6 rations


   Skills:
 + Level 0.3 Fighting
 + Level 0.1 Armour
 + Level 1.8 Dodging
 + Level 1.8 Stealth
 + Level 4.2 Spellcasting
 + Level 5.0 Necromancy


You had 2 spell levels left.
You knew the following spells:

 Your Spells              Type           Power        Failure   Level  Hunger
a - Pain                  Necr           ###.         5%          1    N/A
b - Animate Skeleton      Necr           N/A          5%          1    N/A
c - Vampiric Draining     Necr           ###.......   16%         3    N/A
d - Animate Dead          Necr           N/A          47%         4    N/A

Your spell library contained the following spells:

 Spells                   Type           Power        Failure   Level  Hunger
 Regeneration             Chrm/Necr      Unusable     N/A         3    N/A

Dungeon Overview and Level Annotations

Branches:
Dungeon (4/15)
 Temple: D:4-7

Altars:
Ashenzari


Innate Abilities, Weirdness & Mutations

You do not eat or drink.
Your flesh is vulnerable to fire.
You are immune to poison.
Your flesh is cold resistant. (rC+)
You are immune to negative energy. (rN+++)
You are immune to unholy pain and torment.
You can survive without breathing.


Message History

Aiming: Vampiric Draining (safe; 16% risk of failure)
Press: ? - help, Shift-Dir - straight line, f/p - orc priest
Aim: an orc priest, wielding a +0 flail (heavily wounded)
You miscast Vampiric Draining.
Your bandages flutter.
The leopard gecko bites you but does no damage.
The orc priest hits you but does no damage.
You hit the orc priest. You drain the orc priest.
The orc priest is almost dead.
The leopard gecko barely misses you. The orc priest barely misses you.
The leopard gecko bites you but does no damage.
The orc priest barely misses you.
You hit the orc priest.
The orc priest is almost dead.
The leopard gecko barely misses you.
The orc priest hits you with a +0 flail.
* * * LOW HITPOINT WARNING * * *
You barely miss the leopard gecko.
The orc priest mumbles some strange prayers to Beogh against you.
Beogh smites you!
You die...

#... ..
#.....
#######..#.#
......#....
.## ........
... .....
..# #..#
...# #.@#
...#
#.l###.?#
#.oo....#
#<......#
####)####
#...........
#.##)##..###
# #.. ....
### ...


You could see an orc priest, an orc and a leopard gecko.

Vanquished Creatures
  4 adders
  2 dart slugs (D:1)
  5 leopard geckos
  5 orcs
  4 ball pythons
  10 bats
  2 giant cockroaches (D:2)
  6 goblins
  5 hobgoblins
  2 quokkas
  5 frilled lizards
  4 kobolds
  4 rats
58 creatures vanquished.

Notes
Turn   | Place    | Note
-------+----------+-------------------------------------------
     0 | D:1      | leoctania the Mummy Necromancer began the quest for the
                  | Orb.
     0 | D:1      | Reached XP level 1. HP: 13/13 MP: 4/4
    10 | D:1      | Learned a level 1 spell: Animate Skeleton
   127 | D:1      | Reached XP level 2. HP: 19/19 MP: 2/5
   586 | D:1      | Reached XP level 3. HP: 24/24 MP: 5/7
   595 | D:1      | Learned a level 3 spell: Vampiric Draining
  1051 | D:2      | Reached XP level 4. HP: 27/30 MP: 4/9
  1057 | D:2      | Learned a level 4 spell: Animate Dead
  1071 | D:2      | Found a shattered altar of Ashenzari.
  1582 | D:2      | Reached skill level 5 in Necromancy
  2437 | D:4      | Killed from afar by an orc priest

Skill      XL: |  1  2  3  4 |
---------------+-------------+-----
Spellcasting   | 3 4 |  4.2
Necromancy     | 5 |  5.0
Fighting       | |  0.3
Armour         | |  0.1
Dodging        | |  1.8
Stealth        | |  1.8

Action                   |  1- 3 |  4- 6 || total
-------------------------+-------+-------++-------
Melee: Dagger            |    21 |    10 ||    31
 Cast: Pain              |    67 |    45 ||   112
       Animate Skeleton  |       |    11 ||    11
       Animate Dead      |       |     1 ||     1
  Use: Scroll            |     3 |    11 ||    14
Armor: Robe              |    11 |       ||    11
       Ring mail         |       |     3 ||     3
Dodge: Dodged            |    18 |    11 ||    29
